Map: Acropolis LE

Players

pHARM

  • Race: Zerg Zerg
  • League: Platinum
  • Spawn Location: 11:00

Syringed - Winner!

  • Race: Zerg Zerg
  • League: Platinum
  • Spawn Location: 5:00

VOD

Have the link to the VOD?

Description

Time

  • Played on: Aug. 8, 2019, 12:22 a.m.
  • Length: 21:47
Show
View Real Time Build Order
Export as new Build Order

pHARM Zerg 

Build Orders: Hatch First 

Get SALT Encoding   

  12  0:02  Drone  
  13  0:17  Overlord  
  13  0:22  Drone  
  14  0:36  Drone x2  
  16  0:45  Drone  
  17  0:57  Drone  
  17  0:58  Hatchery  
  17  1:02  Drone  
  18  1:20  Spawning Pool  
  18  1:24  Drone  
  18  1:25  Drone  
  19  1:35  Drone  
  20  1:45  Extractor  
  20  1:46  Drone  
  20  1:55  Overlord  
  20  2:09  Queen  
  20  2:10  Queen  
  20  2:14  Drone x2  
  26  2:19  Drone  
  27  2:25  Drone  
  27  2:28  Drone  
  29  2:40  Overlord, Drone  
  30  2:54  Drone x3  
  30  2:56  Lair  
  30  2:57  Queen  
  35  3:02  Drone  
  37  3:05  Drone  
  37  3:13  Zergling x2  
  38  3:23  Evolution Chamber  
  38  3:27  Drone x7  
  38  3:29  Roach Warren  
  38  3:30  Evolution Chamber, Overlord  
  42  3:43  Drone x2  
  42  3:48  Extractor x2  
  43  3:51  Zerg Missile Weapons Level 1  
  43  3:53  Drone  
  43  3:54  Drone  
  44  4:12  Glial Reconstitution  
  44  4:13  Roach  
  44  4:15  Drone x5  
  51  4:35  Overlord x2  
  51  4:43  Spine Crawler  
  50  4:46  Roach  
  52  4:54  Roach  
  52  4:55  Roach x6  
  66  5:09  Overlord  
  66  5:19  Drone  
  67  5:29  Roach x4  
  75  5:43  Hatchery  
  69  6:05  Roach x3  
  65  6:18  Drone  
  65  6:19  Drone x7  
  73  6:28  Zerg Missile Weapons Level 2, Zerg Ground Armor Level 1  
  73  6:36  Hydralisk Den  
  72  6:43  Overlord x3  
  72  6:59  Overlord x2  
  72  7:02  Queen  
  72  7:06  Drone  
  72  7:07  Drone x6  
  81  7:23  Roach x4  
  89  7:30  Overlord x2  
  89  7:48  Roach x8  
  105  7:52  Extractor  
  105  7:55  Infestation Pit  
  105  7:56  Grooved Spines  
  103  8:02  Drone x2  
  103  8:03  Drone  
  106  8:06  Extractor  
  106  8:07  Overlord x2  
  106  8:09  Extractor  
  104  8:37  Roach  
  104  8:38  Roach x8  
  104  8:39  Overlord x4  
  122  8:47  Hatchery  
  121  8:58  Roach x9  
  139  9:03  Zerg Ground Armor Level 2  
  139  9:07  Muscular Augments  
  139  9:08  Hive  
  139  9:22  Roach x4  
  139  9:23  Overlord, Roach x3  
  139  9:24  Overlord  
  153  9:27  Overlord x2  
  153  9:30  Hatchery  
  152  9:43  Hydralisk x7  
  166  10:11  Hydralisk  
  166  10:12  Hydralisk x12  
  166  10:14  Overlord x2  
  192  10:20  Zerg Missile Weapons Level 3  
  192  10:37  Hydralisk  
  192  10:38  Hydralisk x3  
  175  11:43  Spine Crawler  
  174  11:48  Drone  
  174  11:49  Drone x26  
  174  11:50  Drone  
  198  11:55  Ravager  
  166  12:17  Roach x3  
  166  12:18  Roach x12  
  180  12:34  Spine Crawler  
  180  12:35  Spine Crawler x3  
  176  12:38  Spine Crawler  
  175  12:52  Drone x11  
  175  12:54  Spine Crawler  
  185  13:09  Hydralisk Den  
  168  13:23  Roach  
  168  13:24  Roach x13  
  182  13:41  Hydralisk x6  
  172  13:47  Queen  
  186  14:10  Spire, Zerg Ground Armor Level 3  
  186  14:13  Spine Crawler  
  186  14:15  Queen x2, Spine Crawler  
  187  14:19  Hydralisk x6  
  199  14:30  Zerg Melee Weapons Level 1  
  196  15:04  Overseer x2  
  196  15:25  Greater Spire  
  196  15:36  Extractor  
  196  15:40  Extractor  
  171  15:46  Corruptor x3  
  171  15:47  Corruptor x10  
  176  15:52  Pneumatized Carapace  
  175  16:11  Spine Crawler  
  143  17:03  Brood Lord x8  
  143  17:06  Zergling x38  
  143  17:07  Zergling x6  
  181  17:10  Extractor  
  181  17:11  Extractor  
  179  17:29  Metabolic Boost  
  179  17:51  Hatchery  
  178  18:07  Hydralisk x11  
  160  18:31  Brood Lord x3  
  126  18:47  Adrenal Glands  
  118  18:52  Corruptor  
  118  18:53  Corruptor x2  
  118  18:55  Corruptor  
  86  19:45  Corruptor x4  
  74  20:04  Corruptor  
  74  20:05  Corruptor x2  
  64  20:43  Hydralisk  
  64  20:44  Hydralisk x7  
  80  20:53  Drone x6  
Show
View Real Time Build Order
Export as new Build Order

Syringed Zerg - Winner!

Build Orders: Hatch First 

Get SALT Encoding   

  12  0:03  Drone  
  13  0:14  Overlord  
  13  0:17  Drone  
  14  0:32  Drone x2  
  16  0:51  Hatchery  
  16  0:52  Drone  
  16  0:56  Drone  
  17  1:00  Drone  
  18  1:12  Extractor  
  18  1:15  Spawning Pool  
  16  1:19  Drone  
  16  1:23  Drone  
  18  1:30  Drone  
  19  1:42  Drone  
  20  1:52  Overlord  
  20  2:03  Queen x2  
  20  2:04  Zergling x2  
  20  2:05  Drone  
  26  2:13  Drone, Metabolic Boost  
  28  2:15  Drone  
  28  2:24  Drone  
  29  2:33  Drone  
  30  2:40  Drone  
  31  2:44  Drone  
  31  2:46  Drone  
  33  2:53  Drone  
  33  2:56  Overlord  
  34  2:59  Drone  
  35  3:07  Drone  
  36  3:16  Queen  
  36  3:17  Zergling x4  
  36  3:18  Zergling x4  
  36  3:19  Drone x2  
  44  3:22  Overlord  
  44  3:28  Extractor  
  44  3:29  Evolution Chamber  
  44  3:32  Extractor  
  41  3:44  Drone x3  
  41  3:45  Overlord, Drone x2  
  41  3:46  Overlord  
  41  3:47  Overlord  
  46  3:48  Overlord  
  46  3:59  Zergling x4  
  48  4:04  Lair, Roach Warren  
  47  4:10  Zerg Missile Weapons Level 1  
  47  4:24  Drone x3  
  47  4:25  Drone  
  47  4:29  Extractor  
  50  4:35  Drone  
  50  4:36  Drone  
  50  4:37  Drone x3  
  50  4:38  Overlord  
  55  4:39  Overlord  
  55  4:54  Overlord  
  55  5:05  Baneling Nest  
  54  5:10  Glial Reconstitution  
  54  5:13  Roach x5  
  54  5:14  Overlord, Roach x3  
  70  5:15  Hatchery  
  66  5:37  Ravager x4  
  70  5:44  Roach x4  
  70  5:45  Roach x3  
  77  6:13  Ravager  
  77  6:14  Ravager  
  79  6:21  Zerg Missile Weapons Level 2  
  79  6:30  Hatchery, Queen  
  79  6:32  Drone  
  81  6:33  Drone x12  
  81  6:34  Queen  
  95  6:47  Queen  
  97  7:05  Evolution Chamber  
  97  7:06  Evolution Chamber  
  95  7:09  Spine Crawler  
  94  7:28  Pneumatized Carapace  
  94  7:31  Drone x3  
  94  7:32  Drone x7, Extractor  
  94  7:33  Extractor  
  94  7:34  Overlord x2  
  94  7:35  Overlord  
  94  7:36  Overlord  
  102  7:38  Zerg Ground Armor Level 1, Zerg Melee Weapons Level 1  
  102  7:48  Overseer  
  102  8:10  Drone x5  
  107  8:34  Infestation Pit  
  106  8:43  Roach x5  
  106  8:44  Roach x3  
  122  8:49  Hatchery  
  121  8:56  Overseer  
  121  9:19  Hive  
  121  9:24  Pathogen Glands  
  121  9:27  Nydus Network  
  120  9:32  Overlord x5  
  120  9:34  Overlord x2  
  120  9:53  Roach x10  
  120  9:54  Roach x4  
  120  9:55  Zerg Melee Weapons Level 2  
  120  9:59  Centrifical Hooks  
  148  10:09  Tunneling Claws  
  148  10:13  Burrow  
  148  10:14  Zergling x2  
  149  10:16  Overlord  
  149  10:18  Overseer  
  149  10:26  Ravager x4  
  153  10:29  Zergling x12  
  153  10:30  Zergling x14  
  153  10:31  Zergling x4  
  153  10:33  Drone  
  153  10:34  Drone x11  
  153  10:35  Overlord x4  
  180  10:56  Extractor  
  179  10:58  Roach x2  
  179  10:59  Roach x8  
  179  11:00  Extractor  
  198  11:08  Roach  
  194  11:29  Queen  
  195  11:33  Zerg Missile Weapons Level 3  
  195  11:36  Roach x3  
  199  11:45  Nydus Canal  
  177  12:13  Roach x5  
  177  12:14  Roach x13  
  167  12:43  Ravager  
  168  12:44  Ravager  
  169  12:56  Zergling x2, Roach x4  
  169  12:57  Zergling x30  
  169  12:58  Zergling x8  
  168  13:41  Zergling x4  
  168  13:42  Zergling x22  
  168  13:46  Adrenal Glands  
  180  13:52  Drone x3  
  183  13:55  Spine Crawler  
  183  13:56  Spine Crawler  
  183  14:02  Spine Crawler  
  180  14:08  Ravager x3  
  180  14:09  Roach x6  
  199  14:10  Roach x2  
  199  14:25  Hatchery  
  198  14:33  Zerg Ground Armor Level 2  
  195  14:44  Zergling x2  
  195  14:45  Zergling x14  
  197  14:46  Zergling x4  
  197  14:52  Ultralisk Cavern  
  194  14:58  Roach x30  
  193  15:10  Baneling x5  
  193  15:11  Baneling x5  
  193  15:23  Overlord  
  193  15:24  Overlord x2  
  187  16:00  Nydus Canal  
  187  16:10  Ultralisk x2  
  175  16:26  Roach  
  175  16:27  Ultralisk x3, Roach x2  
  175  16:28  Ultralisk, Zergling x4  
  177  16:39  Spire  
  176  16:40  Spire  
  176  16:42  Ravager x3  
  178  17:02  Extractor  
  178  17:03  Anabolic Synthesis, Extractor  
  176  17:13  Hatchery  
  176  17:14  Baneling  
  176  17:15  Baneling x3  
  175  17:21  Zerg Ground Armor Level 3, Spine Crawler  
  174  17:23  Zerg Melee Weapons Level 3  
  174  17:28  Zergling x6  
  174  17:29  Zergling x10  
  183  17:30  Zergling x12  
  187  17:46  Chitinous Plating  
  187  17:55  Greater Spire  
  187  17:57  Zerg Flyer Weapons Level 1  
  187  18:15  Corruptor  
  187  18:16  Corruptor x6  
  187  18:17  Corruptor  
  113  18:57  Roach x4  
  113  18:58  Ultralisk x2, Roach x2  
  113  18:59  Ultralisk, Zergling x8  
  113  19:00  Zergling x8  
  124  19:10  Corruptor x4  
  124  19:11  Corruptor x2  
  131  19:21  Baneling  
  131  19:22  Baneling x6  
  122  19:28  Corruptor x4  
  122  19:29  Corruptor x2  
  128  19:32  Corruptor x6  
  128  19:38  Corruptor x5  
  137  19:39  Corruptor  
  137  19:43  Zerg Flyer Armor Level 1  
  133  19:57  Corruptor x4  
  133  19:58  Corruptor x9  
  142  20:24  Zergling x10  
  142  20:25  Zergling x10  
  150  20:38  Extractor  
  149  20:43  Extractor  
  148  20:52  Drone x3  
  151  21:04  Drone  
  151  21:05  Drone x6  
  158  21:13  Zergling x14  
  158  21:14  Zergling x8  
  169  21:19  Baneling x2  
  169  21:20  Baneling x4  
Tags
 
Matchup
ZvZ
Race
Zerg
Replay Pack
10.7.19
Spawn Locations
Cross Positions
Add a new tag
Caveats
  • Supply blocks, unpowered buildings, or Contaminate may cause inaccurate times.
  • Supply counts are checked every 10 seconds.